 Dungeon Crawl Stone Soup version 0.27-a0-74-gebd156f8b4 (webtiles) character file.

Game seed: 13281412819627041890

139 Essalna the Magician (level 5, -1/42 HPs)
             Began as a Deep Elf Earth Elementalist on Jan 11, 2021.
             Slain by a frilled lizard (2 damage)
             ... on level 2 of the Dungeon.
             The game lasted 00:04:35 (2234 turns).

Essalna the Magician (Deep Elf Earth Elementalist)  Turns: 2234, Time: 00:04:36

Health: -1/42      AC:  3    Str:  5    XL:     5   Next: 1%
Magic:  2/14       EV: 13    Int: 21    God:
Gold:   80         SH:  0    Dex: 15    Spells: 9/13 levels left

rFire    . . .     SeeInvis .   n - +0 short sword
rCold    . . .     Faith    .   (no shield)
rNeg     . . .     Spirit   .   c - +0 robe
rPois    .         Reflect  .   (no helmet)
rElec    .         Harm     .   (no cloak)
rCorr    .         Rampage  .   (no gloves)
Will     .....                  l - +0 pair of boots (curse)
Stlth    ..........             (no amulet)
HPRegen  0.14/turn              (no ring)
MPRegen  0.14/turn              (no ring)

@: berserking, lethally poisoned (-1 -> -30), flying, very slightly
contaminated, very quick
A: no striking features
a: no special abilities


You were on level 2 of the Dungeon.
You visited 1 branch of the dungeon, and saw 3 of its levels.

You collected 80 gold pieces.

Inventory:

Hand Weapons
 n - a +0 short sword (weapon)
Missiles
 b - 23 stones
Armour
 c - a +0 robe (worn)
 l - a cursed +0 pair of boots (worn)
Scrolls
 a - a scroll of enchant armour {unknown}
 d - a scroll of magic mapping {unknown}
 e - a scroll of teleportation {unknown}
 f - a scroll of immolation {unknown}
 g - 2 scrolls of random uselessness {unknown}
 h - a scroll of remove curse {unknown}
 k - a scroll of fear {unknown}
 m - 2 scrolls of blinking {unknown}
 p - 4 scrolls of identify {unknown}
Potions
 q - a potion of mutation {unknown}


   Skills:
 - Level 2.4 Dodging
 - Level 2.4 Stealth
 + Level 4.7 Spellcasting
 + Level 3.1 Transmutations
 + Level 4.5 Earth Magic


You had 9 spell levels left.
You knew the following spells:

 Your Spells              Type           Power        Failure   Level
a - Sandblast             Erth           46%          1%          1
b - Stone Arrow           Conj/Erth      28%          13%         3

Your spell library contained the following spells:

 Spells                   Type           Power        Failure   Level
 Passwall                 Tmut/Erth      17%          3%          2
 Petrify                  Tmut/Erth      21%          22%         4
 Lee's Rapid Deconstruct  Erth           11%          43%         5


Dungeon Overview and Level Annotations

Branches:
Dungeon (3/15)

Altars:
Ru


Message History

The rat closely misses you.
It was a potion of berserk rage.
A red film seems to cover your vision as you go berserk!
You feel yourself moving faster!
You feel mighty!
* * * LOW HITPOINT WARNING * * *
You feel sick. The bat barely misses you.
The frilled lizard closely misses you. The orc barely misses you.
The rat closely misses you.
You barely miss the orc.
* * * LOW HITPOINT WARNING * * *
You feel sick. The frilled lizard barely misses you.
The orc hits you with a +1 whip of venom.
* * * LOW HITPOINT WARNING * * *
You are more poisoned.
The bat barely misses you. The rat barely misses you.
You barely miss the orc.
* * * LOW HITPOINT WARNING * * *
You feel sick. The bat hits you but does no damage.
The frilled lizard bites you.
You die...

# #.. #.# .# ##.
.#.#..####.## ... ..
............. #.##.
.......#.#.##
....########....#.#.#
##................#.##
#........##....#..#...
#...o†...##.......#.##
#...<@...###...#.##.##
......r.l...............
........b...#######.#.##
........................
...........########....#
...........# #....#
...........# #..[.#
...######### #.....
#..)..


You could see an orc, a bat, a frilled lizard and a rat.

Vanquished Creatures
  2 orc priests
  2 adders (D:2)
  An adder zombie (D:3)
  2 dart slugs (D:1)
  2 worms (D:2)
  3 leopard geckos
  4 orcs (D:2)
  A ball python (D:2)
  3 bats
  3 giant cockroaches (D:1)
  5 goblins
  3 hobgoblins
  4 frilled lizards
  3 kobolds
  A leopard gecko skeleton (D:2)
  7 rats
46 creatures vanquished.

Notes
Turn   | Place    | Note
-------+----------+-------------------------------------------
     0 | D:1      | Essalna the Deep Elf Earth Elementalist began the quest for
                  | the Orb.
     0 | D:1      | Reached XP level 1. HP: 10/10 MP: 6/6
   128 | D:1      | Reached XP level 2. HP: 2/15 MP: 0/8
  1026 | D:1      | Reached XP level 3. HP: 17/19 MP: 10/10
  1425 | D:2      | Found a sacrificial altar of Ru.
  1427 | D:2      | You fall into a shaft and drop 1 floor!
  1569 | D:3      | Reached XP level 4. HP: 16/24 MP: 3/12
  1826 | D:2      | Learned a level 3 spell: Stone Arrow
  2230 | D:2      | Reached XP level 5. HP: 4/28 MP: 1/14
  2233 | D:2      | HP: 2/42 [orc/+1 whip of venom (4)]
  2234 | D:2      | Slain by a frilled lizard

Illustrated notes

Levels and vault maps discovered:
D:1:      mrwooster_arrival_arrow, layout_basic, minmay_box_of_dots
D:2:      layout_basic, hangedman_ru_absence
D:3:      minmay_inner_zag, layout_basic, uniq_jessica

Skill      XL: |  1  2  3  4 |
---------------+-------------+-----
Transmutations | 2 3 |  3.1
Spellcasting   | 4 |  4.7
Earth Magic    | 4 |  4.5
Dodging        | |  2.4
Stealth        | |  2.4

Action                   |  1- 3 |  4- 6 || total
-------------------------+-------+-------++-------
Melee: Unarmed           |    26 |       ||    26
       Short sword       |    30 |    28 ||    58
 Cast: Sandblast         |    32 |    27 ||    59
  Use: Potion            |       |     3 ||     3
 Stab: Sleeping          |     2 |     3 ||     5
Armor: Robe              |    11 |    18 ||    29
Dodge: Dodged            |    42 |    63 ||   105

Table legend: (Time is in decaauts)
 A = Elapsed time spent in this place.
 B = Non-inter-level travel time spent in this place.
 C = Inter-level travel time spent in this place.
 D = Time resting spent in this place.
 E = Time spent auto-exploring this place.
 F = Levels seen in this place.
 G = Mean time per level.
                   A        B        C        D        E       F      G
               +--------+--------+--------+--------+--------+-----+--------+
         Total |   2241 |   2220 |     21 |      0 |   1806 |   3 |  747.0 |
       Dungeon |   2241 |   2220 |     21 |      0 |   1806 |   3 |  747.0 |
               +--------+--------+--------+--------+--------+-----+--------+

Top non-repeatable levels by time:
     D:1: 1360 daAuts
     D:2: 725 daAuts
     D:3: 155 daAuts
